 Dungeon Sprint DCSS version 0.29-a0-813-g4a14ea37d6 (webtiles) character file.

Game seed: 6034244216467045416

15393 123456 the Slayer (level 12, -4/136 HPs)
             Began as a Minotaur Fighter on July 4, 2022.
             Was the Champion of Okawaru.
             Killed by divine providence
             ... invoked by an orc high priest
              (9 damage)
             ... in the Dungeon (Sprint IX: "|||||||||||||||||||||||||||||").
             The game lasted 00:03:01 (2071 turns).

123456 the Slayer (Minotaur Fighter)                Turns: 2071, Time: 00:03:02

Health: -4/136     AC: 23    Str: 21    XL:     12   Next: 0%
Magic:  11/11      EV: 17    Int:  5    God:    Okawaru [******]
Gold:   1282       SH:  0    Dex: 15    Spells: 11/11 levels left

rFire   + . .      SeeInvis .   n - +4 dire flail (vorpal)
rCold   . . .      Faith    .   (shield currently unavailable)
rNeg    . . .      Spirit   .   s - +1 plate armour {rF+}
rPois   .          Reflect  .   (helmet restricted)
rElec   .          Harm     .   o - +0 cloak
rCorr   .          Rampage  .   a - +0 pair of gloves
Will    .....      NoTele   +   p - +0 pair of boots
Stlth   ..........              (no amulet)
HPRegen 0.32/turn               q - +2 ring of evasion
MPRegen 0.12/turn               r - +2 ring of evasion

@: no status effects
A: horns 2, retaliatory headbutt
a: Renounce Religion, Heroism, Finesse


You were in the Dungeon.
You worshipped Okawaru.
Okawaru was exalted by your worship.
You visited 1 branch You collected 1282 gold pieces.

Inventory:

Hand Weapons
 n - a +4 vorpal dire flail (weapon)
Armour
 a - a +0 pair of gloves (worn)
 o - a +0 cloak (worn)
 p - a +0 pair of boots (worn)
 s - a +1 plate armour of fire resistance (worn)
Jewellery
 q - a +2 ring of evasion (left hand)
 r - a +2 ring of evasion (right hand)
Wands
 m - a wand of iceblast (9)
 v - a wand of paralysis (4)
Scrolls
 c - a scroll of brand weapon
 j - 3 scrolls of blinking
 l - 2 scrolls of amnesia
 t - a scroll of identify
 u - 2 scrolls of fear
Potions
 b - a potion of brilliance
 d - a potion of might
 e - 7 potions of curing
 g - a potion of haste
 h - 4 potions of magic
 i - a potion of berserk rage
 k - a potion of invisibility


   Skills:
 * Level 21.0 Fighting
 * Level 20.9 Maces & Flails
 + Level 15.4 Armour
 + Level 13.8 Dodging
 - Level 3.6 Shields


You had 11 spell levels left.
You didn't know any spells.
Your spell library was empty.

Dungeon Overview and Level Annotations

Branches:
Dungeon (1/1)

Altars:
Cheibriados
Dithmenos
Elyvilon
Fedhas
Gozag
Hepliaklqana
Kikubaaqudgha
Makhleb
Nemelex Xobeh
Okawaru
Qazlal
Ru
Sif Muna
Trog
Uskayaw
Vehumet
Wu Jian
Xom
Yredelemnul
Zin
The Shining One
Jiyva
Lugonu

Shops:
D (::(


Innate Abilities, Weirdness & Mutations

You have a pair of horns on your head.
You reflexively headbutt those who attack you in melee.


Message History

You kill the orc knight!
Okawaru is honoured by your kill.
The orc high priest mumbles some strange prayers to Beogh.
You perforate the orc knight like a sieve!!!
You headbutt the orc knight!
The orc knight is severely wounded.
You bludgeon the orc knight!!
You kill the orc knight!
Okawaru accepts your kill.
The orc high priest prays to Beogh.
Your Fighting skill increases to level 21!
You have reached level 12!
You feel agile.
Unknown command.
Found Neagychag's Weapon Shoppe.
The orc knight hits you with a +0 war axe!
* * * LOW HITPOINT WARNING * * *
Items here: $ ))) [[ †.
You impale the orc knight!!
The orc knight is heavily wounded.
You hit the orc knight but do no damage.
You headbutt the orc knight!
The orc knight is severely wounded.
The orc knight hits you from afar with a +0 bardiche!!
* * * LOW HITPOINT WARNING * * *
The orc knight hits you with a +0 war axe!
* * * LOW HITPOINT WARNING * * *
You feel much better.
The orc knight no longer looks unusually strong.
The orc knight misses you.
The orc knight hits you from afar with a +0 bardiche!
* * * LOW HITPOINT WARNING * * *
You feel better.
The orc knight roars a battlecry!
The orc knight goes into a battle-frenzy!
The orc knight hits you with a +0 war axe!!
* * * LOW HITPOINT WARNING * * *
The orc high priest calls down the wrath of Beogh upon you.
Beogh smites you!
You die...

▓_▓.▓.▓.▓.▓
▓_▓.▓.▓.▓.▓
▓_▓.▓.▓.▓.▓
▓_▓.▓.▓.▓)▓
▓'▓.▓'▓.▓)▓
▓.▓.▓.▓.▓)▓
▓.▓.▓.▓.▓)▓
▓)▓.▓.▓.▓)▓
▓.▓.▓†▓.▓@▓
▓.▓.▓.▓.▓o▓
▓.▓.▓†▓.▓o▓
▓.▓.▓.▓.▓o▓
▓.▓.▓.▓)▓3▓
▓[▓.▓)▓.▓4▓
▓'▓.▓.▓.▓.▓
▓)▓.▓)▓.▓∩▓
▓.▓.▓[▓.▓


You could see 2 orc knights, an orc high priest (strong), an orange demon
(summoned) and a smoke demon (summoned).

Vanquished Creatures
  A hydra (D)
  A centaur warrior (D)
  A two-headed ogre (D)
  6 orc high priests (D)
  7 orc knights (D)
  An orc sorcerer (D)
  2 cyclopes (D)
  Maurice (D)
  3 cane toads (D)
  An efreet (D)
  A troll (D)
  4 polar bears (D)
  A dream sheep (D)
  A shadow (D)
  A vampire (D)
  A wraith (D)
  A yak (D)
  4 water moccasins (D)
  6 black bears (D)
  10 orc warriors (D)
  An ogre (D)
  2 centaurs (D)
  6 bullfrogs (D)
  A killer bee (D)
  3 orc priests (D)
  2 hounds (D)
  5 orc wizards (D)
  An adder (D)
  A dart slug (D)
  An orc (D)
  2 endoplasms (D)
  A kobold (D)
  2 goblins (D)
82 creatures vanquished.

Notes
Turn   | Place    | Note
-------+----------+-------------------------------------------
     0 | D        | 123456 the Minotaur Fighter began the quest for the Orb.
     0 | D        | Reached XP level 1. HP: 19/19 MP: 0/0
    10 | D        | Reached skill level 4 in Fighting
    11 | D        | Reached skill level 1 in Dodging
   151 | D        | Noticed a hound
   151 | D        | Noticed a hound
   151 | D        | Noticed an ogre
   155 | D        | Killed a hound
   156 | D        | Reached skill level 5 in Fighting
   156 | D        | Reached XP level 2. HP: 27/30 MP: 1/1
   156 | D        | Reached XP level 3. HP: 33/37 MP: 2/2
   160 | D        | Reached skill level 6 in Fighting
   160 | D        | Reached skill level 5 in Maces & Flails
   160 | D        | Reached skill level 5 in Armour
   162 | D        | Reached XP level 4. HP: 40/45 MP: 3/3
   167 | D        | Killed an ogre
   168 | D        | Reached skill level 8 in Fighting
   168 | D        | Reached XP level 5. HP: 30/53 MP: 4/4
   302 | D        | Found a snail-covered altar of Cheibriados.
   302 | D        | Found a shadowy altar of Dithmenos.
   302 | D        | Found a white marble altar of Elyvilon.
   302 | D        | Found a blossoming altar of Fedhas.
   302 | D        | Found an opulent altar of Gozag.
   303 | D        | Found a hazy altar of Hepliaklqana.
   304 | D        | Found a viscous altar of Jiyva.
   305 | D        | Found an ancient bone altar of Kikubaaqudgha.
   306 | D        | Found a corrupted altar of Lugonu.
   307 | D        | Found a burning altar of Makhleb.
   308 | D        | Found a sparkling altar of Nemelex Xobeh.
   309 | D        | Found an iron altar of Okawaru.
   310 | D        | Found a stormy altar of Qazlal.
   311 | D        | Found a sacrificial altar of Ru.
   312 | D        | Found a shimmering blue altar of Sif Muna.
   313 | D        | Found a bloodstained altar of Trog.
   314 | D        | Found a hide-covered altar of Uskayaw.
   315 | D        | Found a radiant altar of Vehumet.
   316 | D        | Found an ornate altar of the Wu Jian Council.
   317 | D        | Became a worshipper of Warmaster Okawaru
   318 | D        | Found a shimmering altar of Xom.
   319 | D        | Found a basalt altar of Yredelemnul.
   320 | D        | Found a glowing silver altar of Zin.
   321 | D        | Found a glowing golden altar of the Shining One.
   329 | D        | Found the +10 zealot's sword {holy, *Rage rN+ EV+3}
   382 | D        | Noticed a troll
   382 | D        | Noticed a wraith
   382 | D        | Noticed a centaur
   382 | D        | Noticed a shadow
   382 | D        | Noticed a vampire
   384 | D        | Killed a troll
   384 | D        | Reached * piety under Okawaru
   385 | D        | Reached skill level 10 in Fighting
   385 | D        | Reached skill level 10 in Maces & Flails
   385 | D        | Reached XP level 6. HP: 67/67 MP: 5/5
   396 | D        | Killed a wraith
   397 | D        | Reached skill level 11 in Fighting
   397 | D        | Reached XP level 7. HP: 53/74 MP: 6/6
   413 | D        | Killed a shadow
   413 | D        | Reached ** piety under Okawaru
   414 | D        | Reached skill level 12 in Fighting
   421 | D        | Killed a vampire
   613 | D        | Noticed a cyclops
   613 | D        | Noticed a two-headed ogre
   613 | D        | Noticed an efreet
   613 | D        | Noticed a cyclops
   613 | D        | Noticed a centaur warrior
   617 | D        | Killed a cyclops
   617 | D        | Reached *** piety under Okawaru
   618 | D        | Reached skill level 13 in Fighting
   618 | D        | Reached XP level 8. HP: 86/86 MP: 7/7
   622 | D        | Killed a two-headed ogre
   622 | D        | Reached **** piety under Okawaru
   623 | D        | Reached skill level 14 in Fighting
   623 | D        | Reached skill level 10 in Armour
   627 | D        | Killed an efreet
   628 | D        | Reached XP level 9. HP: 69/96 MP: 8/8
   632 | D        | Killed a cyclops
   633 | D        | Reached skill level 15 in Fighting
   636 | D        | Killed a centaur warrior
   636 | D        | Reached ***** piety under Okawaru
   637 | D        | Reached skill level 15 in Maces & Flails
   637 | D        | Reached skill level 10 in Dodging
   956 | D        | Noticed a polar bear
   956 | D        | Noticed a cane toad
   957 | D        | Noticed a cane toad
   964 | D        | Noticed a five-headed hydra
   969 | D        | Reached skill level 16 in Fighting
   970 | D        | Killed a polar bear
   977 | D        | Killed a cane toad
   978 | D        | Reached XP level 10. HP: 82/108 MP: 9/9
   982 | D        | Killed a five-headed hydra
   982 | D        | Identified the +15 crystal plate armour of the Nightingale
                  | {rC+} (Okawaru gifted it to you in the Dungeon)
   982 | D        | Received a gift from Okawaru
   987 | D        | Killed a cane toad
   988 | D        | Reached skill level 17 in Fighting
  1207 | D        | Noticed a cane toad
  1212 | D        | Killed a cane toad
  1277 | D        | Reached skill level 18 in Fighting
  1335 | D        | Noticed Maurice
  1337 | D        | Paralysed by Maurice for 5 turns
  1344 | D        | Killed Maurice
  1409 | D        | Noticed an orc knight
  1420 | D        | Killed an orc knight
  1420 | D        | Reached ****** piety under Okawaru
  1421 | D        | Reached XP level 11. HP: 119/121 MP: 10/10
  1422 | D        | Noticed an orc knight
  1438 | D        | Killed an orc knight
  1562 | D        | Noticed an orc high priest
  1562 | D        | Noticed an orc high priest
  1571 | D        | Noticed an orc high priest
  1578 | D        | Killed an orc high priest
  1579 | D        | Reached skill level 19 in Fighting
  1587 | D        | Noticed a sixfirhy
  1591 | D        | Noticed a sixfirhy
  1604 | D        | Killed an orc high priest
  1616 | D        | Noticed an orc sorcerer
  1618 | D        | Killed an orc high priest
  1618 | D        | Received a gift from Okawaru
  1636 | D        | Noticed a soul eater
  1639 | D        | Noticed a sun demon
  1639 | D        | Killed an orc sorcerer
  2012 | D        | Found Ynyoggis's Antique Weapon Emporium.
  2012 | D        | Noticed an orc high priest
  2012 | D        | Noticed an orc knight
  2012 | D        | Noticed an orc knight
  2012 | D        | Noticed an orc knight
  2012 | D        | Noticed an orc high priest
  2014 | D        | Noticed an orc high priest
  2016 | D        | Killed an orc high priest
  2017 | D        | Reached skill level 20 in Fighting
  2017 | D        | Noticed an orc knight
  2021 | D        | Noticed an orc knight
  2025 | D        | Killed an orc knight
  2026 | D        | Found Narhi's Book Shoppe.
  2027 | D        | Noticed an orc knight
  2033 | D        | Killed an orc knight
  2040 | D        | Killed an orc knight
  2041 | D        | Reached skill level 15 in Armour
  2042 | D        | Noticed an orc knight
  2044 | D        | Killed an orc high priest
  2044 | D        | Received a gift from Okawaru
  2045 | D        | Found Jikemm's Book Emporium.
  2048 | D        | Killed an orc high priest
  2057 | D        | Noticed an orc high priest
  2064 | D        | Killed an orc knight
  2066 | D        | Killed an orc knight
  2067 | D        | Reached skill level 21 in Fighting
  2067 | D        | Reached XP level 12. HP: 46/136 MP: 11/11
  2067 | D        | Found Neagychag's Weapon Shoppe.
  2069 | D        | HP: 1/136 [orc knight/+0 war axe (11)]
  2071 | D        | Killed from afar by an orc high priest

Illustrated notes

Levels and vault maps discovered:
D:        linesprint [early_d, line_temple, items_1, d_10, items_2, lair_1,
          lair_end, items_3, orc_1, orc_end, items_4, d_15, swamp_1, shoals_1,
          snake_1, spider_1, d_20, vaults_1, items_5, swamp_end, shoals_end,
          snake_end, spider_end, vaults_end, d_27, items_6, zot_1, zot_end,
          crypt_end, forest_end, elf_end, slime_end, tomb_end, abyss_end,
          pan_hell_end]

Skill      XL: |  1  2  3  4  5  6  7  8  9 10 11 |
---------------+----------------------------------+-----
Fighting       | 5 6 8 10 11 13 14 16 18 21 | 21.0
Maces & Flails | 4 6 7 10 13 14 16 18 20 | 20.9
Dodging        | 2 3 4 6 8 9 10 12 13 | 13.8
Armour         | 4 5 6 7 8 9 10 12 13 15 | 15.4
Shields        | |  3.6

Action                   |  1- 3 |  4- 6 |  7- 9 | 10-12 || total
-------------------------+-------+-------+-------+-------++-------
Melee: Flail             |    24 |     5 |       |       ||    29
       Headbutt          |     3 |     5 |    22 |    47 ||    77
       Dire flail        |       |    14 |    66 |   215 ||   295
Invok: Heroism           |       |       |       |     2 ||     2
Evoke: Wand              |       |       |       |     1 ||     1
  Use: Scroll            |       |       |     2 |       ||     2
       Potion            |       |       |       |     6 ||     6
Armor: Scale mail        |     9 |       |       |       ||     9
       Plate armour      |       |     6 |    17 |    65 ||    88
Dodge: Dodged            |     9 |     6 |    29 |    83 ||   127
Block: Buckler           |     7 |     2 |       |       ||     9

Table legend: (Time is in decaauts)
 A = Elapsed time spent in this place.
 B = Non-inter-level travel time spent in this place.
 C = Inter-level travel time spent in this place.
 D = Time resting spent in this place.
 E = Time spent auto-exploring this place.
 F = Levels seen in this place.
 G = Mean time per level.
                   A        B        C        D        E       F      G
               +--------+--------+--------+--------+--------+-----+--------+
         Total |   1965 |   1965 |      0 |    733 |    714 |   1 | 1965.0 |
       Dungeon |   1965 |   1965 |      0 |    733 |    714 |   1 | 1965.0 |
               +--------+--------+--------+--------+--------+-----+--------+

Top non-repeatable levels by time:
       D: 1965 daAuts
